 Dungeon Crawl Stone Soup version 0.29-a0-819-g94b489e0ae (webtiles) character file.

Game seed: 1229331467577866271

730 gobodom the Magician (level 7, 0/32 HPs)
             Began as a Spriggan Earth Elementalist on July 7, 2022.
             Killed from afar by an orc wizard (7 damage)
             ... with a magic dart
             ... on level 5 of the Dungeon.
             The game lasted 00:16:33 (4835 turns).

gobodom the Magician (Spriggan Earth Elementalist)  Turns: 4835, Time: 00:16:34

Health: 0/32       AC:  6    Str:  8    XL:     7   Next: 44%
Magic:  12/17      EV: 18    Int: 19    God:
Gold:   284        SH:  0    Dex: 19    Spells: 14/18 levels left

rFire   . . .      SeeInvis +   B - +0 mace (pain)
rCold   . . .      Faith    .   (no shield)
rNeg    . . .      Spirit   .   r - +4 robe of the Abyss {Str+4 Dex+4 Archmagi}
rPois   .          Reflect  +   (helmet restricted)
rElec   .          Harm     .   (no cloak)
rCorr   .          Rampage  .   (gloves unavailable)
Will    +....      Archmagi +   (boots unavailable)
Stlth   +.........              t - amulet of reflection
HPRegen 0.10/turn               (no ring)
MPRegen 0.15/turn               (no ring)

@: confused, very quick
A: very small, no large weapons, unfitting armour, see invisible, speed 3
a: no special abilities


You were on level 5 of the Dungeon.
You visited 1 branch of the dungeon, and saw 5 of its levels.

You collected 284 gold pieces.

Inventory:

Hand Weapons
 i - a +0 dagger
 B - a +0 mace of pain (weapon)
 C - a +2 hand axe of flaming
Missiles
 a - 3 boomerangs of dispersal
Armour
 r - the +4 robe of the Abyss (worn) {Str+4 Dex+4 Archmagi}
   (You found it on level 2 of the Dungeon)

   Str:       It affects your strength (+4).
   Dex:       It affects your dexterity (+4).
   Archmagi:  It increases the power of your magical spells.
Jewellery
 t - an amulet of reflection (around neck)
Wands
 v - a wand of polymorph (6)
 D - a wand of paralysis (3)
Scrolls
 c - 2 scrolls of blinking {unknown}
 d - a scroll of poison
 e - a scroll of fog {unknown}
 g - a scroll of amnesia {unknown}
 h - a scroll of teleportation {unknown}
 l - a scroll of fear {unknown}
 p - a scroll of enchant weapon {unknown}
 s - a scroll of noise {unknown}
 u - 2 scrolls of enchant armour {unknown}
 y - a scroll of brand weapon {unknown}
 z - 2 scrolls of identify
Potions
 b - a potion of magic
 f - 3 potions of ambrosia
 j - 2 potions of brilliance
 k - a potion of haste
 m - 4 potions of might
 n - 4 potions of heal wounds {unknown}
 o - a potion of lignification {unknown}
 q - a potion of curing {unknown}
 w - 3 potions of flight {unknown}
 x - a potion of invisibility {unknown}
 A - a potion of attraction {unknown}


   Skills:
 + Level 0.3 Fighting
 + Level 0.5 Short Blades
 + Level 3.4 Dodging
 + Level 4.1 Stealth
 + Level 0.2 Shields
 + Level 6.2 Spellcasting
 * Level 1.0 Conjurations
 * Level 1.1 Necromancy
 * Level 2.4 Transmutations
 + Level 5.4 Earth Magic
 * Level 0.6 Evocations


You had 14 spell levels left.
You knew the following spells:

 Your Spells              Type           Power      Damage    Failure   Level
a - Sandblast             Erth           80%        2d17      1%          1
b - Stone Arrow           Conj/Erth      54%        3d10      9%          3

Your spell library contained the following spells:

 Spells                   Type           Power      Damage    Failure   Level
 Passwall                 Tmut/Erth      25%        N/A       3%          2
 Apportation              Tloc           16%        N/A       11%         1
 Static Discharge         Conj/Air       11%        3-5/arc   13%         2
 Petrify                  Tmut/Erth      31%        N/A       22%         4
 Dispel Undead            Necr           15%        3d10      56%         4
 Sticky Flame             Conj/Fire      11%        2d3       65%         4
 Alistair's Intoxication  Tmut/Pois      10%        N/A       88%         5


Dungeon Overview and Level Annotations

Branches:
Dungeon (5/15)
 Temple: D:4-7

Altars:
Ashenzari
Hepliaklqana
Makhleb
Trog
Uskayaw
Xom
Zin

Shops:
D:5 :(

Annotations:
D:3 2 transporters, SirDiesAlot's ghost, amateur DEFE


Innate Abilities, Weirdness & Mutations

You are very small and have problems with some larger weapons.
You are too small for most types of armour.
You have supernaturally acute eyesight. (SInv)
You cover ground extremely quickly. (Speed+++)


Message History

The orc shouts!
The orc wizard casts a spell.
The orc wizard flickers and vanishes for a moment.
Your Conjurations skill increases to level 1!
You feel a surge of power!
The blast of sand hits the orc priest but does no damage.
The orc priest completely misses you.
You feel a surge of power!
The blast of sand hits the orc priest.
The orc priest is moderately wounded.
The orc priest hits you but does no damage.
You feel a surge of power!
The blast of sand hits the orc!
You kill the orc!
The orc priest mumbles some strange prayers to Beogh against you.
You resist with significant effort.
You feel a surge of power!
The blast of sand hits the orc priest.
The orc priest is heavily wounded.
You feel a surge of power!
The blast of sand hits the orc priest!!
You kill the orc priest!
You feel a surge of power!
The blast of sand hits the orc wizard!
The orc wizard is almost dead.
The orc wizard hits you with a +0 dagger.
You block the orc wizard's attack.
You are too injured to fight recklessly!
You hit the orc wizard but do no damage.
The orc wizard is almost dead.
The orc wizard casts a spell at you.
You are confused.
The orc wizard closely misses you.
You closely miss the orc wizard.
The orc wizard is almost dead.
The orc wizard hits you but does no damage.
The orc wizard casts a spell at you. The puff of flame hits you!
* * * LOW HITPOINT WARNING * * *
You are too confused!
You bump into the stone wall.
You're too confused to move!
The orc wizard gestures at you while chanting.
The magic dart hits you!
You die...

#.#†#≈#......######.####.###.#
#.#..≈.#.....[)...............
#.#..≈.##.##.........###..####
##.≈.##†##########.###..#
######.# ##.........# #.#
#..........# #.#
####...##.....# #.#
#.....####....# #.#
#@......#....... #.#
#o.##._.....)####
######.###..##...##...#
......)).)..###.###...#
#########...#...# #...#
#........ ....# #.........
###########


You could see an orc wizard (invisible).

Vanquished Creatures
  A water moccasin (D:4)
  An ogre (D:4)
  A phantom (D:5)
  A necrophage (D:4)
  A scorpion (D:4)
  2 jellies (D:5)
  A hound (D:5)
  2 orc priests (D:5)
  2 iguanas
  6 adders
  3 dart slugs (D:1)
  11 orcs
  5 ball pythons
  4 bats
  8 endoplasms
  A giant cockroach (D:3)
  6 goblins
  6 hobgoblins
  8 jackals
  9 kobolds
  A quokka (D:4)
  2 frilled lizards
  6 rats
88 creatures vanquished.

Vanquished Creatures (others)
  10 fungi (D:4)
  6 plants (D:1)
16 creatures vanquished.

Grand Total: 104 creatures vanquished

Notes
Turn   | Place    | Note
-------+----------+-------------------------------------------
     0 | D:1      | gobodom the Spriggan Earth Elementalist began the quest for
                  | the Orb.
     0 | D:1      | Reached XP level 1. HP: 9/9 MP: 5/5
   162 | D:1      | Reached XP level 2. HP: 13/13 MP: 4/6
   241 | D:1      | Found a faded altar of an unknown god.
   444 | D:1      | Reached skill level 3 in Spellcasting
  1247 | D:2      | Identified the +4 robe of the Abyss {Str+4 Dex+4 Archmagi}
  1275 | D:2      | Reached XP level 3. HP: 16/16 MP: 4/8
  2280 | D:3      | Reached XP level 4. HP: 21/21 MP: 7/10
  2369 | D:3      | Found a shimmering altar of Xom.
  2405 | D:3      | Found a transporter.
  2409 | D:3      | Noticed SirDiesAlot's ghost (amateur DEFE)
  2607 | D:3      | Reached skill level 4 in Spellcasting
  2714 | D:3      | Found a transporter.
  2862 | D:3      | Found a burning altar of Makhleb.
  2994 | D:3      | Learned a level 3 spell: Stone Arrow
  3208 | D:4      | Reached XP level 5. HP: 15/24 MP: 6/12
  3409 | D:4      | Found a hazy altar of Hepliaklqana.
  3451 | D:4      | Found a hide-covered altar of Uskayaw.
  3694 | D:4      | Reached skill level 5 in Spellcasting
  4096 | D:4      | Noticed a water moccasin
  4097 | D:4      | Noticed an ogre
  4098 | D:4      | Killed a water moccasin
  4099 | D:4      | Reached XP level 6. HP: 28/28 MP: 11/15
  4113 | D:4      | Reached skill level 5 in Earth Magic
  4197 | D:5      | Entered Level 5 of the Dungeon
  4220 | D:5      | Reached skill level 6 in Spellcasting
  4353 | D:5      | Reached XP level 7. HP: 29/32 MP: 14/17
  4401 | D:5      | Found Yterith's Book Boutique.
  4405 | D:5      | Found Timeusuxt's Weapon Shoppe.
  4427 | D:5      | Reached skill level 1 in Necromancy
  4522 | D:5      | Found a broken altar of Ashenzari.
  4582 | D:5      | Found a glowing silver altar of Zin.
  4794 | D:5      | Found a bloodstained altar of Trog.
  4819 | D:5      | Reached skill level 1 in Conjurations
  4835 | D:5      | Killed from afar by an orc wizard

Illustrated notes

Levels and vault maps discovered:
D:1:      dpeg_arrival_tiny_i, layout_loops_corners,
          dilly_ecumenical_altar_fadedgnrine, minivault_14
D:2:      layout_basic
D:3:      layout_basic, lemuel_coloured_pillars_altar, old_standard_altar,
          gammafunk_ghost_stat_death, nrook_uturn
D:4:      layout_basic, mainiacjoe_overflow_catch_the_wave, serial_aquarium,
          aquarium_bridge_square [aquarium_subvault_bridge,
          aquarium_subvault_wall, aquarium_subvault_bridge,
          aquarium_subvault_window], aquarium_bridge_straight
          [aquarium_subvault_bridge, aquarium_subvault_wall,
          aquarium_subvault_bridge, aquarium_subvault_wall],
          aquarium_window_fake, aquarium_window_corner, aquarium_window_corner,
          aquarium_window_3, aquarium_view_2b
D:5:      minmay_bubble_buster, layout_loops_ring, zin_statuary,
          mainiacjoe_overflow_concentric_impassable, trog_three_pillars_becter,
          dreamdust_princess_corridor, chequers_serial_rivers_micro_b,
          nicolae_wooded_promenade

Skill      XL: |  1  2  3  4  5  6  7 |
---------------+----------------------+-----
Dodging        | 3 |  3.4
Earth Magic    | 3 4 5 |  5.4
Spellcasting   | 3 4 5 6 |  6.2
Stealth        | 4 |  4.1
Transmutations | 2 |  2.4
Necromancy     | 1 |  1.1
Conjurations   | 1 |  1.0
Fighting       | |  0.3
Short Blades   | |  0.5
Shields        | |  0.2
Evocations     | |  0.6

Action                   |  1- 3 |  4- 6 |  7- 9 || total
-------------------------+-------+-------+-------++-------
Melee: Dagger            |     6 |     2 |       ||     8
       Mace              |       |     8 |     2 ||    10
 Cast: Sandblast         |    60 |    59 |    23 ||   142
  Use: Scroll            |     4 |     1 |       ||     5
 Stab: Sleeping          |     1 |     1 |       ||     2
Armor: Robe              |     3 |     9 |     2 ||    14
Dodge: Dodged            |    32 |    37 |     6 ||    75
Block: Other             |       |    11 |     2 ||    13

Table legend: (Time is in decaauts)
 A = Elapsed time spent in this place.
 B = Non-inter-level travel time spent in this place.
 C = Inter-level travel time spent in this place.
 D = Time resting spent in this place.
 E = Time spent auto-exploring this place.
 F = Levels seen in this place.
 G = Mean time per level.
                   A        B        C        D        E       F      G
               +--------+--------+--------+--------+--------+-----+--------+
         Total |   3622 |   3492 |    130 |    100 |   2711 |   5 |  724.4 |
       Dungeon |   3622 |   3492 |    130 |    100 |   2711 |   5 |  724.4 |
               +--------+--------+--------+--------+--------+-----+--------+

Top non-repeatable levels by time:
     D:1: 897 daAuts
     D:4: 847 daAuts
     D:2: 694 daAuts
     D:3: 660 daAuts
     D:5: 522 daAuts
